 Dungeon Crawl Stone Soup version 0.31-a0-150-g89dc3ad700 (webtiles) character file.

Game seed: 11479162400805313193

88 qw the Shooter (level 4, -3/28 HPs)
             Began as a Gargoyle Hunter on June 8, 2023.
             Slain by an ice beast (14 damage)
             ... on level 3 of the Dungeon.
             The game lasted 00:00:42 (1839 turns).

qw the Shooter (Gargoyle Hunter)                    Turns: 1839, Time: 00:00:43

Health: -3/28      AC:  9    Str: 14    XL:     4   Next: 54%
Magic:  4/4        EV: 10    Int: 10    God:
Gold:   118        SH:  0    Dex: 15    Spells: 3/3 levels left

rFire   . . .        Y - +0 shortbow
rCold   . . .        (shield currently unavailable)
rNeg    + . .        j - +0 ring mail
rPois   inf          e - +0 helmet
rElec   +            (no cloak)
rCorr   .            (no gloves)
SInv    .            (no boots)
Will    .....        (no amulet)
Stlth   +            (no ring)
HPRegen 0.24/turn    (no ring)
MPRegen 0.09/turn

%: no passive effects
@: no status effects
A: sickness immunity, AC +3, negative energy resistance 1, electricity
resistance, torment resistance 1, petrification resistance
a: no special abilities


You were on level 3 of the Dungeon.
You visited 1 branch of the dungeon, and saw 3 of its levels.

You collected 118 gold pieces.


Innate Abilities, Weirdness & Mutations

You are immune to sickness and miasma.
Your stone body is resilient. (AC +3)
You are immune to poison.
You resist negative energy. (rN+)
You are resistant to electric shocks. (rElec)
You are resistant to unholy torment.
You are immune to petrification.


   Skills:
 - Level 3.0 Fighting
 + Level 5.3 Ranged Weapons
 - Level 1.0 Armour
 - Level 1.5 Dodging
 - Level 1.1 Stealth


You had 3 spell levels left.
You didn't know any spells.
Your spell library was empty.

Inventory:

Hand Weapons
 Y - a +0 shortbow (weapon)
Armour
 e - a +0 helmet (worn)
 j - a +0 ring mail (worn)
Jewellery
 c - a ring of willpower
Scrolls
 h - 2 scrolls of identify
Potions
 a - a potion of might
 b - a potion of heal wounds {unknown}
 g - a potion of curing

Dungeon Overview and Level Annotations

Branches:
Dungeon (3/15)

Altars:

Annotations:
D:3 3 runed translucent doors, qw's ghost, amateur MiHu; qw's ghost, weakling GrFi; qw's ghost, weakling MiHu


Message History

Found a grey potion and 14 gold pieces.
Enter note:
Enter note:
Enter note:
Enter note: You shoot an arrow.
The arrow hits the ice beast.
The ice beast is lightly wounded.
You shoot an arrow. The arrow closely misses the ice beast.
You shoot an arrow. The arrow barely misses the ice beast.
The ice beast hits you. The ice beast freezes you!
You shoot an arrow.
The arrow hits the ice beast but does no damage.
The ice beast is lightly wounded.
The ice beast hits you but does no damage.
You shoot an arrow.
The arrow hits the ice beast but does no damage.
The ice beast is lightly wounded.
The ice beast barely misses you.
You shoot an arrow. The arrow hits the ice beast.
The ice beast is moderately wounded.
The ice beast closely misses you. The ice beast misses you.
You shoot an arrow. The arrow closely misses the ice beast.
The ice beast hits you but does no damage.
You shoot an arrow. The arrow hits the ice beast.
The ice beast is moderately wounded.
The ice beast hits you. The ice beast freezes you.
You shoot an arrow. The arrow hits the ice beast!
The ice beast is heavily wounded.
The ice beast hits you but does no damage.
The ice beast misses you.
You shoot an arrow.
The arrow hits the ice beast but does no damage.
The ice beast is heavily wounded.
The ice beast hits you but does no damage.
You shoot an arrow.
The arrow hits the ice beast but does no damage.
The ice beast is heavily wounded.
The ice beast hits you. The ice beast freezes you!
Ouch! That really hurt!
You die...

.###$8.$# .....#....8
. .....#..... .##
#.#..+.....
...#....+.....
#.#.#..+W....
####....Y.#W....
........@.#W...8
#########...#W8!.#
##.........########
#.##.....#.# #.#
#.##.#.#.#.# #.# ##
#.##.#.....# #.###..#
#.##.#.#.#####....#.##
#.##.#.#............>.
#.##.#.#######.#####.


You could see an ice beast and 4 ghosts called qw.

Vanquished Creatures
  3 adders (D:2)
  2 worms (D:2)
  2 dart slugs
  3 orcs (D:3)
  5 ball pythons
  7 endoplasms
  3 giant cockroaches (D:2)
  3 goblins (D:1)
  7 hobgoblins
  A kobold (D:2)
  3 quokkas
  2 frilled lizards
  3 rats
44 creatures vanquished.

Notes
Turn   | Place    | Note
-------+----------+-------------------------------------------
     0 | D:1      | qw the Gargoyle Hunter began the quest for the Orb.
     0 | D:1      | Reached XP level 1. HP: 12/12 MP: 1/1
     0 | D:1      | 0 ||| qw: Version: 0.2-a-119-g7aa9181
     0 | D:1      | 0 ||| qw: Game counter: 2916
     0 | D:1      | 0 ||| qw: Always use a shield: true
     0 | D:1      | 0 ||| qw: God list: Okawaru
     0 | D:1      | 0 ||| qw: Allow faded altars: false
     0 | D:1      | 0 ||| qw: Do Orc after D:15 true
     0 | D:1      | 0 ||| qw: Do second Lair branch before Depths: true
     0 | D:1      | 0 ||| qw: Lair rune preference: random
     0 | D:1      | 0 ||| qw: Plans: Normal
     0 | D:1      | 0 ||| PLANNING D:1-11
   195 | D:1      | Reached XP level 2. HP: 17/17 MP: 2/2
   464 | D:1      | Found a faded altar of an unknown god.
   603 | D:1      | 603 ||| FLEEEEING.
   741 | D:1      | You fall into a shaft and drop 1 floor!
   757 | D:2      | Reached skill level 5 in Ranged Weapons
   757 | D:2      | Reached XP level 3. HP: 21/21 MP: 3/3
   864 | D:2      | Reached skill level 3 in Fighting
   991 | D:2      | 991 ||| UPGRADING to +0 helmet.
   996 | D:2      | 996 ||| UPGRADING to +0 ring mail.
  1006 | D:2      | 1006 ||| DROPPING +0 leather armour.
  1007 | D:2      | 1007 ||| DROPPING ring of magical power.
  1008 | D:2      | 1008 ||| READING 4 scrolls labelled POESME OPLI.
  1009 | D:2      | 1009 ||| READING 2 scrolls labelled VOOLIA VIOMYE.
  1010 | D:2      | 1010 ||| DROPPING 3 scrolls of fear.
  1011 | D:2      | 1011 ||| DROPPING scroll of butterflies.
  1051 | D:1      | Reached XP level 4. HP: 28/28 MP: 4/4
  1107 | D:1      | 1107 ||| DRINKING 2 metallic sapphire potions.
  1190 | D:2      | Reached skill level 1 in Armour
  1533 | D:2      | 1533 ||| READING scroll labelled ASYZI WANA ALA.
  1536 | D:2      | 1536 ||| READING 3 scrolls of identify.
  1536 | D:2      | 1536 ||| IDENTIFYING clear potion
  1537 | D:2      | 1537 ||| READING 2 scrolls of identify.
  1537 | D:2      | 1537 ||| IDENTIFYING emerald potion
  1538 | D:2      | 1538 ||| DROPPING potion of berserk rage.
  1806 | D:3      | Found a runed translucent gate.
  1824 | D:3      | Noticed qw's ghost (amateur MiHu)
  1825 | D:3      | Found a runed translucent gate.
  1825 | D:3      | Found a runed translucent gate.
  1825 | D:3      | Noticed qw's ghost (weakling MiHu)
  1825 | D:3      | Noticed qw's ghost (weakling GrFi)
  1825 | D:3      | Noticed qw's ghost (weakling MiHu)
  1828 | D:3      | Noticed an ice beast
  1839 | D:3      | Slain by an ice beast

Levels and vault maps discovered:
D:1:      lightli_arrival_windingriver, layout_basic,
          dreamdust_ecumenical_altar_angels_and_demons
D:2:      layout_loops_cross
D:3:      layout_basic, gammafunk_ghost_cemetery, minmay_misc_feat_tower

Skill      XL: |  1  2  3  4 |
---------------+-------------+-----
Ranged Weapons | 5 |  5.3
Fighting       | 3 |  3.0
Armour         | 1 |  1.0
Dodging        | |  1.5
Stealth        | |  1.1

Action                     |  1- 3 |  4- 6 || total
---------------------------+-------+-------++-------
   Fire: Shortbow          |    96 |    69 ||   165
    Use: Scroll            |     2 |     3 ||     5
         Potion            |       |     1 ||     1
 Armour: Leather armour    |     7 |       ||     7
         Ring mail         |       |    22 ||    22
  Dodge: Dodged            |    22 |    24 ||    46

Table legend:
 A = Non-vault XP
 B = Vault XP
 C = Vault XP percentage of total XP
 D = Non-vault monster count
 E = Vault monster count
 F = Vault count percentage of total count
                 A         B        C        D         E       F
            +---------+---------+-------+---------+---------+-------
      Total |     127 |       0 |   0.0 |      44 |       0 |   0.0
            +---------+---------+-------+---------+---------+-------
        D:1 |      29 |       0 |   0.0 |      15 |       0 |   0.0
        D:2 |      83 |       0 |   0.0 |      24 |       0 |   0.0
        D:3 |      15 |       0 |   0.0 |       5 |       0 |   0.0
            +---------+---------+-------+---------+---------+-------
